Map: 2000 Atmospheres LE

Players

INnoVation - Winner!

  • Race: Terran Terran

Scarlett

  • Race: Zerg Zerg

Event: DreamHack SC2 Masters 2021 Summer

VOD

Have the link to the VOD?

Description

Time

  • Played on: July 3, 2021, 12:08 p.m.
  • Length: 8:51

All games in this series

Show
View Real Time Build Order
Export as new Build Order

INnoVation Terran - Winner!

Build Orders: Reaper Expand, Hellion Banshee 

Get SALT Encoding   

  12  0:00  SCV  
  13  0:12  SCV  
  14  0:17  Supply Depot  
  14  0:24  SCV  
  15  0:38  SCV  
  15  0:39  Barracks  
  16  0:43  Refinery  
  16  0:50  SCV  
  17  1:02  SCV  
  18  1:15  SCV  
  19  1:26  Reaper  
  19  1:27  Orbital Command  
  20  1:39  Command Center  
  20  1:49  Supply Depot  
  20  1:52  SCV  
  21  1:58  Marine  
  22  2:04  SCV  
  23  2:14  Factory  
  23  2:17  SCV  
  23  2:20  Barracks Reactor  
  24  2:29  SCV  
  25  2:40  Command Center  
  25  2:41  SCV  
  26  2:51  Orbital Command  
  26  2:53  SCV  
  27  3:00  Starport  
  27  3:03  Refinery  
  27  3:05  SCV  
  28  3:10  Hellion  
  30  3:13  Hellion  
  30  3:17  Barracks Tech Lab  
  30  3:18  SCV  
  33  3:20  SCV  
  34  3:30  SCV  
  34  3:32  SCV  
  34  3:34  Hellion  
  38  3:35  Hellion  
  40  3:43  Marine  
  40  3:44  SCV x2  
  40  3:48  Banshee  
  43  3:52  Orbital Command  
  46  3:57  SCV  
  46  3:58  SCV  
  46  4:00  Cloaking Field  
  46  4:01  Hellion  
  46  4:02  Hellion  
  52  4:03  Barracks Tech Lab  
  52  4:09  SCV  
  53  4:10  SCV  
  53  4:13  Supply Depot  
  54  4:18  Orbital Command  
  54  4:22  SCV x2  
  56  4:25  Hellion x2  
  60  4:34  SCV  
  60  4:35  Banshee, SCV  
  60  4:36  Stimpack  
  65  4:38  Supply Depot  
  65  4:46  SCV x2  
  65  4:47  SCV, Barracks  
  65  4:50  Barracks  
  65  4:52  Engineering Bay  
  68  4:55  Engineering Bay  
  68  4:56  Factory Reactor  
  68  4:58  SCV  
  69  5:00  SCV x2  
  69  5:01  Refinery  
  69  5:03  Refinery  
  69  5:05  Supply Depot  
  69  5:06  Marine  
  72  5:10  SCV  
  72  5:12  SCV x2  
  75  5:23  SCV  
  75  5:24  SCV  
  75  5:25  Terran Infantry Weapons Level 1  
  75  5:26  SCV, Starport Reactor, Marine  
  75  5:28  Barracks  
  79  5:32  Supply Depot  
  79  5:36  Barracks  
  79  5:37  Marine x2  
  79  5:38  SCV x2  
  83  5:44  Marine x2  
  85  5:52  Supply Depot x2  
  85  5:53  SCV x3, Marine, Siege Tank  
  92  5:58  Marine, Supply Depot  
  93  6:05  Supply Depot  
  93  6:13  SCV x3, Marine x4, Medivac x2  
  93  6:16  Combat Shield  
  93  6:17  Barracks Reactor  
  104  6:18  Marine  
  104  6:25  SCV x3  
  108  6:27  Barracks Reactor  
  108  6:29  Supply Depot  
  108  6:30  Refinery  
  108  6:31  Marine x4  
  108  6:32  Siege Tank  
  115  6:33  Armory  
  115  6:36  Marine  
  115  6:39  SCV x3  
  119  6:43  Supply Depot  
  119  6:48  Marine x3  
  119  6:51  SCV x3  
  119  6:53  Medivac x2  
  126  6:54  Marine x2  
  126  6:55  Marine x2  
  126  6:59  Refinery  
  130  7:01  Supply Depot  
  130  7:02  Supply Depot  
  130  7:06  Marine x2, Siege Tank  
  135  7:10  Marine x3  
  135  7:12  Marine x2  
  140  7:18  Marine, Supply Depot  
  141  7:23  Marine  
  141  7:24  Marine x2  
  141  7:27  Marine  
  141  7:28  Marine  
  146  7:31  Supply Depot  
  146  7:32  Supply Depot  
  146  7:34  Marine  
  146  7:35  Marine  
  146  7:36  Marine x2  
  150  7:40  Marine  
  150  7:41  Siege Tank  
  150  7:42  Marine  
  155  7:44  Medivac x2  
  155  7:45  Marine  
  155  7:51  Marine x2  
  160  7:52  Marine x2  
  160  7:54  Marine x2  
  166  7:58  Marine  
  166  8:00  Marine  
  166  8:03  Marine  
  169  8:09  Marine x2  
  169  8:10  Marine  
  148  8:13  Marine, Siege Tank  
  146  8:25  Marine x5  
  146  8:27  Marine x2  
  152  8:28  Marine  
  152  8:31  Marine  
Show
View Real Time Build Order
Export as new Build Order

Scarlett Zerg 

Build Orders: Hatch First 

Get SALT Encoding   

  12  0:00  Drone  
  13  0:12  Overlord  
  13  0:16  Drone  
  14  0:30  Drone x2  
  16  0:46  Hatchery  
  15  0:50  Drone  
  15  0:53  Drone  
  17  0:57  Drone  
  18  1:08  Extractor  
  17  1:12  Spawning Pool  
  17  1:15  Drone  
  17  1:18  Drone  
  18  1:28  Drone  
  19  1:38  Drone  
  20  1:49  Drone  
  21  1:58  Queen  
  21  1:59  Queen  
  25  2:01  Zergling x2  
  25  2:02  Zergling x2  
  27  2:11  Drone, Overlord  
  28  2:20  Hatchery  
  28  2:22  Drone  
  28  2:33  Drone x3  
  28  2:35  Metabolic Boost  
  30  2:42  Drone  
  31  2:45  Queen  
  31  2:49  Overlord  
  33  2:57  Drone x2  
  35  3:08  Drone x5  
  35  3:11  Queen  
  42  3:14  Overlord  
  42  3:26  Drone  
  43  3:30  Overlord  
  43  3:31  Queen  
  45  3:35  Drone  
  45  3:36  Queen  
  45  3:40  Zergling x6  
  52  3:41  Drone  
  52  3:48  Drone x2  
  52  3:49  Drone x2  
  56  4:00  Drone x5  
  61  4:05  Overlord  
  61  4:08  Queen  
  61  4:09  Queen  
  65  4:12  Overlord  
  65  4:18  Drone  
  65  4:20  Overlord  
  65  4:25  Drone x4  
  65  4:31  Zergling x6  
  72  4:38  Hatchery, Queen  
  74  4:42  Drone x5  
  78  4:51  Drone x6  
  84  4:56  Extractor  
  84  4:57  Drone x3  
  84  4:58  Drone, Evolution Chamber  
  84  4:59  Evolution Chamber  
  85  5:01  Overlord  
  85  5:04  Overlord  
  85  5:11  Lair  
  85  5:13  Extractor, Drone x3  
  87  5:14  Baneling Nest  
  87  5:16  Extractor x2, Queen  
  86  5:21  Drone  
  86  5:22  Drone x3  
  86  5:26  Drone x2  
  86  5:27  Overlord x2  
  92  5:30  Zerg Ground Armor Level 1  
  92  5:35  Zerg Melee Weapons Level 1  
  92  5:40  Drone x4  
  96  5:45  Drone x3  
  99  5:50  Queen  
  99  5:51  Drone x2  
  99  5:52  Drone x5  
  99  5:56  Zergling x4  
  110  5:59  Zergling x6  
  113  6:05  Extractor  
  113  6:07  Drone x3  
  113  6:10  Spore Crawler  
  113  6:11  Spore Crawler, Overseer  
  108  6:13  Spore Crawler  
  108  6:15  Drone  
  108  6:16  Drone x3  
  107  6:18  Centrifical Hooks  
  107  6:23  Drone  
  107  6:24  Drone x7  
  108  6:31  Drone x5  
  111  6:33  Spore Crawler  
  110  6:42  Overlord x2  
  107  6:48  Drone x4  
  107  6:49  Zergling x4  
  107  6:50  Spire  
  111  6:55  Zergling x12  
  111  6:59  Baneling x4  
  111  7:00  Baneling x5  
  117  7:14  Zergling x16  
  125  7:19  Zergling x4  
  127  7:24  Hatchery  
  127  7:28  Baneling  
  126  7:30  Extractor  
  126  7:31  Drone x2  
  126  7:32  Drone  
  126  7:34  Extractor  
  126  7:35  Zergling x12  
  132  7:44  Hatchery  
  132  7:49  Overlord x4  
  132  7:50  Overlord  
  132  7:51  Zergling x8  
  132  7:52  Baneling x11  
  132  7:53  Baneling  
  135  7:58  Baneling x11  
  135  7:59  Baneling x2  
  128  8:11  Zergling x10  
  128  8:12  Queen x2, Zergling x12  
  123  8:17  Overseer  
  118  8:22  Zergling x16  
  118  8:27  Zergling x8  
Tags
 
Add a new tag
Caveats
  • Supply blocks, unpowered buildings, or Contaminate may cause inaccurate times.
  • Supply counts are checked every 10 seconds.